 Dungeon Crawl Stone Soup version 0.27.1-4-g1640c2035a (webtiles) character file.

Game seed: 15017723417165167764

610 belegose the Ducker (level 7, -5/50 HPs)
             Began as a Djinni Summoner on Nov 7, 2021.
             Shot with an arrow by a centaur (7 damage)
             ... on level 5 of the Dungeon.
             The game lasted 00:19:43 (8195 turns).

belegose the Ducker (Djinni Summoner)               Turns: 8195, Time: 00:19:43

Health: -5/50      AC:  3    Str:  9    XL:     7   Next: 72%
Gold:   127        EV: 14    Int: 16    God:
                   SH:  0    Dex: 14

rFire    + + .     SeeInvis .   r - +3 quarterstaff (chaos)
rCold    x . .     Faith    .   (shield currently unavailable)
rNeg     . . .     Spirit   .   a - +0 robe
rPois    ∞         Reflect  .   (no helmet)
rElec    .         Harm     .   s - +0 cloak
rCorr    .         Rampage  .   (no gloves)
Will     .....                  (boots unavailable)
Stlth    ++........             (no amulet)
HPRegen  0.16/turn              (no ring)
MPRegen  0.00/turn              (no ring)

@: flying
A: sickness immunity, fire resistance 2, cold vulnerability 1, float, innate
caster, hp casting, extra vitality 1
a: no special abilities


You were on level 5 of the Dungeon.
You visited 1 branch of the dungeon, and saw 5 of its levels.

You collected 127 gold pieces.

Inventory:

Hand Weapons
 i - a +0 mace
 n - a +0 rapier
 r - a +3 quarterstaff of chaos (weapon)
Missiles
 e - 128 stones
 k - 4 javelins
 u - 2 boomerangs
Armour
 a - a +0 robe (worn)
 p - a +0 ring mail
 s - a +0 cloak (worn)
 w - a +0 leather armour
Magical Staves
 j - a staff of fire
Wands
 q - a wand of flame (2)
Scrolls
 f - 2 scrolls of enchant armour {unknown}
 g - 2 scrolls of blinking {unknown}
 h - 2 scrolls of identify {unknown}
 l - a scroll of vulnerability {unknown}
 t - a scroll of acquirement {unknown}
 v - a scroll of silence {unknown}
 x - a scroll of magic mapping {unknown}
Potions
 b - 2 potions of magic {unknown}
 c - 2 potions of curing {unknown}
 d - 2 potions of resistance {unknown}
 m - a potion of attraction {unknown}
 o - 3 potions of degeneration {unknown}


   Skills:
 + Level 3.5 Fighting
 + Level 4.7 Dodging
 + Level 3.8 Stealth
 + Level 4.4 Spellcasting


You couldn't memorise any spells.
You knew the following spells:

 Your Spells              Type           Power      Damage    Failure   Level
a - Summon Small Mammal   Summ           68%        N/A       2%          1
b - Call Imp              Summ           17%        N/A       4%          2
c - Call Canine Familiar  Summ           17%        N/A       8%          3
d - Summon Guardian Gole  Hex/Summ       17%        N/A       8%          3
e - Summon Lightning Spi  Summ/Air       17%        N/A       26%         4
f - Foxfire               Conj/Fire      68%        2x1d7     2%          1
g - Searing Ray           Conj           34%        3d4       4%          2
h - Corpse Rot            Necr/Air       N/A        N/A       4%          2
Your spell library was empty.

Dungeon Overview and Level Annotations

Branches:
Dungeon (5/15)
 Temple: D:4-7

Altars:
Cheibriados
Kikubaaqudgha
Nemelex Xobeh
Zin

Shops:
D:2 =*?*[   D:3 =

Annotations:
D:4 2 transporters


Innate Abilities, Weirdness & Mutations

You are immune to sickness and miasma.
You are immune to poison.
Your flesh is very heat resistant. (rF++)
You are vulnerable to cold. (rC-)
You float through the air rather than walking.
You learn spells naturally, not from books.
Your magical power is your life essence.
You have superior vitality. (+4 HP)


Message History

Your hound bites the bullfrog skeleton.
The bullfrog skeleton barely misses your hound.
Your hound bites the bullfrog skeleton.
You sock the bullfrog skeleton!
Lightning courses through the bullfrog skeleton!!
You destroy the bullfrog skeleton!
You hear the rapid rusting of a drain very nearby.
Your hound disappears in a puff of smoke!
Casting: Call Canine Familiar (dangerous; 8% risk of failure)
Confirm with . or Enter, or press ? or * to list all spells.
Casting: Call Canine Familiar (dangerous; 8% risk of failure)
Confirm with . or Enter, or press ? or * to list all spells.
Found 8 gold pieces.
A centaur comes into view.
The ogre shouts!
The centaur shouts!
The centaur wields a +0 shortbow.
The centaur shoots an arrow.
The arrow hits you!
* * * LOW HITPOINT WARNING * * *
You see here 9 gold pieces.
Unknown command.
Your quokka closely misses the ogre.
Your hound barely misses the ogre.
The centaur shoots an arrow.
The arrow closely misses you.
Your quokka bites the ogre.
Your hound bites the ogre. x2
The centaur shoots an arrow.
The arrow barely misses you.
Your hound bites the ogre.
You hear the rapid rusting of a drain very nearby.
Something hits your hound but does no damage.
Something misses your hound.
Your hound bites the centaur.
Your hound bites the centaur but does no damage.
Your quokka bites the centaur but does no damage.
Your hound bites the centaur.
The centaur wields a +0 shortbow.
The centaur shoots an arrow.
The arrow hits you!
* * * LOW HITPOINT WARNING * * *
Your hound bites the centaur.
The centaur shoots an arrow.
The arrow closely misses you.
The centaur shoots an arrow.
The arrow hits you!
You die...

#........##### ....
##.###.hcr...# .... #.#
#.......# ####.###.....O.#
#..............#
#..............#
#..............#
#..............#
###.............@##########
..............##..........#
###...........##..........#
..............#...........#
..............#...........#
...###.##.....#...........#
#### #.#...........########
#### #.#...........# ...#
#.#...........#


You could see an ogre, a centaur (ally target), a friendly hound (summoned) and
a friendly quokka (summoned).

Vanquished Creatures
  2 scorpions (D:4)
  A water moccasin zombie (D:5)
  A hound (D:4)
  A bullfrog skeleton (D:5)
  An orc wizard (D:4)
  A hound skeleton (D:4)
  4 gnolls
  9 adders
  A howler monkey skeleton (D:5)
  An ufetubus (D:5)
  An adder skeleton (D:4)
  4 worms
  A dart slug (D:1)
  9 orcs
  5 ball pythons
  2 endoplasms
  2 giant cockroaches
  10 hobgoblins
  5 jackals
  2 quokkas
  5 bats
  4 frilled lizards
  6 goblins
  6 kobolds
  7 rats
91 creatures vanquished.

Vanquished Creatures (collateral kills)
  An ogre (D:4)
  A hound (D:4)
  Crazy Yiuf (D:2)
  A killer bee zombie (D:5)
  5 gnolls
  6 adders
  An orc (D:4)
  A giant cockroach (D:1)
  A hobgoblin (D:1)
  2 jackals
  3 kobolds
  A ball python (D:1)
24 creatures vanquished.

Vanquished Creatures (others)
  4 fungi (D:2)
4 creatures vanquished.

Grand Total: 119 creatures vanquished

Notes
Turn   | Place    | Note
-------+----------+-------------------------------------------
     0 | D:1      | belegose the Djinni Summoner began the quest for the Orb.
     0 | D:1      | Reached XP level 1. HP: 15/15 MP: 0/0
   330 | D:1      | Reached XP level 2. HP: 3/22 MP: 0/0
  1288 | D:1      | Reached XP level 3. HP: 10/26 MP: 0/0
  1288 | D:1      | Learned a level 1 spell: Foxfire
  1581 | D:1      | Reached skill level 1 in Fighting
  1618 | D:1      | Found a faded altar of an unknown god.
  2082 | D:2      | Found Taraovy's Antique Armour Shoppe.
  2340 | D:2      | Found Qikek's General Store.
  2345 | D:2      | Found Mevad's Magic Scroll Boutique.
  2350 | D:2      | Reached XP level 4. HP: 30/32 MP: 0/0
  2635 | D:2      | Found Geuliv's Jewellery Shop.
  2688 | D:2      | Found Otiups's Assorted Antiques.
  3203 | D:2      | Found a runed translucent door.
  3204 | D:2      | Noticed Crazy Yiuf
  3609 | D:2      | Killed Crazy Yiuf
  3610 | D:2      | Reached XP level 5. HP: 15/38 MP: 0/0
  3610 | D:2      | Learned a level 2 spell: Searing Ray
  4230 | D:3      | Found Otwoch's Jewellery Boutique.
  5030 | D:3      | Reached XP level 6. HP: 40/44 MP: 0/0
  5080 | D:3      | Found a glowing silver altar of Zin.
  5584 | D:4      | Found a transporter.
  5593 | D:4      | Found a transporter.
  5605 | D:4      | Noticed an ogre
  5634 | D:4      | Killed an ogre
  6714 | D:4      | Reached XP level 7. HP: 28/50 MP: 0/0
  6714 | D:4      | Learned a level 2 spell: Corpse Rot
  7466 | D:5      | Entered Level 5 of the Dungeon
  7466 | D:5      | Found a snail-covered altar of Cheibriados.
  8107 | D:5      | Found a sparkling altar of Nemelex Xobeh.
  8194 | D:5      | HP: 1/50 [centaur/arrow (14)]
  8195 | D:5      | Shot with an arrow by a centaur

Illustrated notes

Levels and vault maps discovered:
D:1:      wander_arrival_lonely_grave, layout_loops_corners,
          hellmonk_ecumenical_altar_leap_of_faith
D:2:      layout_rooms, serial_shops, shop, shop, shop, shop_statue, shop,
          basic_altar, uniq_crazy_yiuf_cottage
D:3:      layout_basic, zin_scriptorium, serial_shops, shop
D:4:      gammafunk_wand_slinger, layout_loops_corners
D:5:      layout_basic, nemelex_diamond_rough_becter, slow_altar_1,
          gup_sewer_entry_bowl

Skill      XL: |  1  2  3  4  5  6 |
---------------+-------------------+-----
Fighting       | 1 2 3 |  3.5
Stealth        | 2 3 |  3.8
Dodging        | 3 4 |  4.7
Spellcasting   | 4 |  4.4

Action                   |  1- 3 |  4- 6 |  7- 9 || total
-------------------------+-------+-------+-------++-------
Melee: Flail             |    61 |       |       ||    61
       Mace              |    22 |    59 |       ||    81
       Quarterstaff      |       |   105 |    75 ||   180
 Cast: Summon Small Mamm |    14 |    63 |     2 ||    79
       Call Canine Famil |       |     4 |    10 ||    14
 Stab: Sleeping          |     8 |     7 |     2 ||    17
       Distracted        |       |     2 |       ||     2
Armor: Robe              |    16 |    30 |    13 ||    59
Dodge: Dodged            |    80 |   153 |    60 ||   293
